 Dungeon Crawl Stone Soup version 0.24.0-13-gcf9b319 (webtiles) character file.

Game seed: 15305986998713587748, levelgen mode: deterministic

3250 Fang the Fighter (level 9, -1/59 HPs)
             Began as a Gargoyle Berserker on Dec 9, 2019.
             Was a Priest of Trog.
             Slain by an orc warrior
             ... wielding a +3 trident of distortion
              (19 damage)
             ... on level 7 of the Dungeon.
             The game lasted 00:07:12 (5540 turns).

Fang the Fighter (Gargoyle Berserker)               Turns: 5540, Time: 00:07:13

Health: -1/59      AC: 19    Str: 23    XL:     9   Next: 99%
Magic:  9/9        EV:  9    Int: 12    God:    Trog [***...]
Gold:   304        SH:  0    Dex:  9    Spells: 8/8 levels left

rFire    + . .     SeeInvis .   a - +0 war axe
rCold    . . .     Gourm    +   (no shield)
rNeg     + . .     Faith    .   b - +0 plate armour
rPois    ∞         Spirit   .   (no helmet)
rElec    +         Reflect  .   (no cloak)
rCorr    .         Harm     .   (no gloves)
MR       ++...                  (no boots)
Stlth    ..........             p - amulet of the gourmand
HPRegen  1.19/turn              d - +3 ring of intelligence
MPRegen  0.11/turn              s - ring of protection from fire

@: regenerating
A: negative energy resistance 1, electricity resistance, unbreathing,
petrification resistance, rot immunity, AC +6
a: Berserk, Trog's Hand, Renounce Religion


You were on level 7 of the Dungeon.
You worshipped Trog.
Trog was most pleased with you.
You were completely stuffed.

You visited 2 branches of the dungeon, and saw 8 of its levels.

You collected 304 gold pieces.

Inventory:

Hand Weapons
 a - a +0 war axe (weapon)
 y - a cursed -2 broad axe
Armour
 b - a +0 plate armour (worn)
Jewellery
 d - a +3 ring of intelligence (left hand)
 p - an amulet of the gourmand (around neck)
 s - a ring of protection from fire (right hand)
Wands
 w - a wand of random effects (37)
Scrolls
 e - a scroll of blinking {unknown}
 h - 2 scrolls of fear {unknown}
 k - 7 scrolls of identify {unknown}
 o - a scroll of immolation {unknown}
 q - 4 scrolls of teleportation {unknown}
 r - 2 scrolls of enchant armour {unknown}
 t - 2 scrolls of magic mapping {unknown}
 u - a scroll of noise {unknown}
 v - a scroll of random uselessness {unknown}
 x - 3 scrolls of remove curse {unknown}
Potions
 f - 2 potions of might {unknown}
 g - 2 potions of heal wounds {unknown}
 i - a potion of flight {unknown}
 j - 2 potions of lignification {unknown}
 l - 2 potions of curing {unknown}
 m - 2 potions of haste {unknown}
 n - a potion of agility {unknown}
Comestibles
 c - 12 rations
 z - 16 chunks of flesh


   Skills:
 + Level 8.2 Fighting
 + Level 6.8 Axes
 + Level 7.8 Armour
 + Level 5.9 Dodging


You had 8 spell levels left.
You didn't know any spells.
Your spell library was empty.

Dungeon Overview and Level Annotations

Branches:
Dungeon (7/15)             Temple (1/1) D:5

Altars:
Kikubaaqudgha
Sif Muna
Vehumet
The Shining One


Innate Abilities, Weirdness & Mutations

You are resistant to torment.
Your stone body is resilient. (AC +6)
You are immune to poison.
You resist negative energy. (rN+)
You are resistant to electric shocks. (rElec)
You can survive without breathing.
You are immune to petrification.
You are immune to rotting.


Message History

You kill the orc!
Trog accepts your kill.
The orc warrior hits you from afar with a +3 trident of distortion!
Space bends around you.
The orc warrior hits you with a +3 trident of distortion!
Space bends around you.
* * * LOW HITPOINT WARNING * * *
The orc wizard hits you but does no damage.
Items here: ))) [ †† You are too injured to fight recklessly!
You are too injured to fight recklessly!
You are too injured to fight recklessly!
You are too injured to fight recklessly!
Your skin crawls.
You feel resistant to hostile enchantments.
You feel somewhat less full.
You can no longer call in reinforcements.
The orc warrior hits you but does no damage.
Space warps horribly around you!!
You die...

#.......<).......###.....#
###...))(.#..(....######..#
......÷(########...# ####
.......).....#####.#
.).......###...###.#
########...........##
...................####
##############.........
#)@)....... #.oo.......
#>o........ #<.........
#.......... #......>..
#.#####..# #. ..#


You could see an orc warrior, an orc wizard and an orc.

Vanquished Creatures
  A kobold demonologist (D:7)
  Grinder (D:4)
  Sigmund (D:4)
  Edmund (D:4)
  An ice beast (D:5)
  A sky beast (D:7)
  A necrophage (D:7)
  5 ogres
  3 centaurs
  3 bullfrogs
  2 scorpions
  A wyvern skeleton (D:6)
  9 wights
  4 crimson imps
  A bullfrog skeleton (D:6)
  7 hounds
  4 orc priests
  An orc wizard (D:7)
  A centaur skeleton (D:7)
  An iguana (D:7)
  5 worker ants
  2 worker ant zombies (D:7)
  7 adders
  2 shadow imps
  3 worms
  3 dart slugs (D:1)
  6 leopard geckos
  19 orcs
  2 ball pythons
  A bat (D:2)
  5 giant cockroaches
  5 goblins
  2 hobgoblins
  3 jackals (D:3)
  7 kobolds
  A quokka (D:3)
  2 frilled lizards (D:1)
  A giant cockroach zombie (D:5)
  A goblin skeleton (D:5)
  2 goblin zombies (D:5)
  A hobgoblin zombie (D:5)
  4 kobold skeletons (D:5)
  2 kobold zombies (D:5)
  A quokka skeleton (D:6)
  2 rats (D:1)
138 creatures vanquished.

Notes
Turn   | Place    | Note
-------+----------+-------------------------------------------
     0 | D:1      | Fang the Gargoyle Berserker began the quest for the Orb.
     0 | D:1      | Reached XP level 1. HP: 14/14 MP: 1/1
    61 | D:1      | Reached XP level 2. HP: 12/19 MP: 2/2
   758 | D:1      | Reached XP level 3. HP: 23/23 MP: 3/3
  1521 | D:2      | Found a faded altar of an unknown god.
  1630 | D:2      | Reached ** piety under Trog
  1979 | D:3      | Found a shimmering blue altar of Sif Muna.
  2024 | D:3      | Reached XP level 4. HP: 29/29 MP: 4/4
  2372 | D:3      | Found a radiant altar of Vehumet.
  2429 | D:3      | Reached skill level 4 in Fighting
  2589 | D:4      | Reached XP level 5. HP: 30/33 MP: 5/5
  2721 | D:4      | Noticed Grinder
  2724 | D:4      | Paralysed by Grinder for 2 turns
  2727 | D:4      | Reached XP level 6. HP: 39/39 MP: 6/6
  2740 | D:4      | Paralysed by Grinder for 7 turns
  2750 | D:4      | Killed Grinder
  2750 | D:4      | Reached skill level 5 in Fighting
  2750 | D:4      | Reached XP level 7. HP: 39/44 MP: 7/7
  3096 | D:4      | Noticed Edmund
  3133 | D:4      | Killed Edmund
  3152 | D:4      | Noticed Sigmund
  3159 | D:4      | Killed Sigmund
  3159 | D:4      | Reached skill level 5 in Armour
  3224 | D:5      | Entered Level 5 of the Dungeon
  3312 | D:5      | Reached XP level 8. HP: 27/51 MP: 8/8
  3361 | D:5      | Found a glowing golden altar of the Shining One.
  3386 | D:5      | Reached skill level 6 in Fighting
  3386 | D:5      | Reached skill level 5 in Axes
  3614 | D:5      | Found a staircase to the Ecumenical Temple.
  3649 | Temple   | Entered the Ecumenical Temple
  3766 | D:5      | Reached *** piety under Trog
  4821 | D:6      | Reached XP level 9. HP: 56/56 MP: 9/9
  4851 | D:6      | Found an ancient bone altar of Kikubaaqudgha.
  4920 | D:6      | Reached skill level 7 in Fighting
  5072 | D:7      | Reached skill level 5 in Dodging
  5080 | D:7      | Noticed a kobold demonologist
  5271 | D:7      | Noticed a smoke demon
  5273 | D:7      | Killed a kobold demonologist
  5393 | D:7      | Reached skill level 8 in Fighting
  5538 | D:7      | Reached **** piety under Trog
  5540 | D:7      | Slain by an orc warrior

Levels and vault maps discovered:
D:1:      nicolae_arrival_washed_ashore, layout_basic
D:2:      layout_loops_ring, chequers_ecumenical_altar_grove, kennysheep_boxes
D:3:      layout_basic, led_sif_book, vehumet_crystals, first_ration
D:4:      layout_basic, sigmund_edmund_badplayer, uniq_grinder
D:5:      layout_layer_cave, minmay_temple_entry_arrows,
          nicolae_tso_besieged_by_evil
D:6:      minmay_chambers_of_fours, layout_basic, kiku_gazebo_pond_becter
D:7:      cheibrodos_fzero, layout_rooms, grunt_temple_overflow_holy_war,
          makhleb_altar_promises_db
Temple:   nicolae_temple_elliptical

Skill      XL: |  1  2  3  4  5  6  7  8  9 |
---------------+----------------------------+-----
Axes           | 3 4 5 6 |  6.8
Dodging        | 2 3 4 5 |  5.9
Armour         | 3 4 5 6 7 |  7.8
Fighting       | 4 5 6 8 |  8.2

Action                   |  1- 3 |  4- 6 |  7- 9 || total
-------------------------+-------+-------+-------++-------
Melee: Hand axe          |    94 |       |       ||    94
       War axe           |    11 |    68 |   371 ||   450
Invok: Berserk           |       |     1 |     3 ||     4
       Trog's Hand       |       |       |     2 ||     2
  Eat: Chunk             |     5 |     8 |    17 ||    30
Armor: Animal skin       |     9 |       |       ||     9
       Plate armour      |    40 |    63 |   347 ||   450
Dodge: Dodged            |    57 |    22 |   210 ||   289
